 Dungeon Crawl Stone Soup version 0.30-a0-331-g8ab09dc110 (webtiles) character file.

Game seed: 17678974526241307855

100 McGhostyFace the Stinger (level 4, 0/34 HPs)
             Began as a Gnoll Wanderer on Oct 30, 2022.
             Slain by Grinder (5 damage)
             ... on level 3 of the Dungeon.
             The game lasted 00:06:52 (3036 turns).

McGhostyFace the Stinger (Gnoll Wanderer)           Turns: 3036, Time: 00:06:52

Health: 0/34       AC: 11    Str: 11    XL:     4   Next: 73%
Magic:  1/8        EV: 10    Int: 14    God:
Gold:   118        SH:  0    Dex: 11    Spells: 8/9 levels left

rFire   . . .      SeeInvis .    k - +1 dagger (venom)
rCold   . . .      Faith    .    (no shield)
rNeg    . . .      Spirit   .    c - +0 ring mail
rPois   .          Reflect  .    l - +0 hat
rElec   .          Harm     .    s - +0 cloak
rCorr   .          Rampage  .    r - +2 pair of gloves {Stlth+}
Will    .....                    q - +0 pair of boots
Stlth   ++........               (no amulet)
HPRegen 0.25/turn                (no ring)
MPRegen 0.11/turn                (no ring)

@: no status effects
A: fangs 1, strong nose, distributed training
a: no special abilities


You were on level 3 of the Dungeon.
You visited 1 branch of the dungeon, and saw 3 of its levels.

You collected 118 gold pieces.

Inventory:

Hand Weapons
 a - a +2 dagger
 k - a +1 dagger of venom (weapon)
Missiles
 b - 2 curare-tipped darts
Armour
 c - a +0 ring mail (worn)
 l - a +0 hat (worn)
 q - a +0 pair of boots (worn)
 r - a +2 pair of gloves of stealth (worn)
 s - a +0 cloak (worn)
Jewellery
 n - an amulet of guardian spirit
Scrolls
 d - 2 scrolls of fear
 e - 2 scrolls of noise {unknown}
 h - a scroll of teleportation {unknown}
 m - 4 scrolls of identify {unknown}
 o - a scroll of magic mapping {unknown}
Potions
 f - a potion of resistance {unknown}
 g - 2 potions of curing
 i - a potion of mutation {unknown}
 j - a potion of haste {unknown}
 p - a potion of lignification {unknown}
 t - a potion of might {unknown}


   Skills:
 + Level 2.8 Fighting
 + Level 1.2 Short Blades
 + Level 1.2 Long Blades
 + Level 1.2 Axes
 + Level 1.2 Maces & Flails
 + Level 1.2 Polearms
 + Level 1.2 Staves
 + Level 1.2 Ranged Weapons
 + Level 4.7 Throwing
 + Level 4.7 Armour
 + Level 1.2 Dodging
 + Level 1.2 Stealth
 + Level 1.2 Shields
 + Level 1.2 Unarmed Combat
 + Level 3.0 Spellcasting
 + Level 1.0 Conjurations
 + Level 1.0 Hexes
 + Level 1.0 Summonings
 + Level 1.0 Necromancy
 + Level 1.0 Translocations
 + Level 1.0 Transmutations
 + Level 1.0 Fire Magic
 + Level 1.0 Ice Magic
 + Level 1.0 Air Magic
 + Level 1.0 Earth Magic
 + Level 5.5 Poison Magic
 + Level 2.9 Invocations
 + Level 1.2 Evocations


You had 8 spell levels left.
You knew the following spells:

 Your Spells              Type           Power      Damage    Failure   Level
a - Sting                 Tmut/Pois      44%        1d5       12%         1

Your spell library contained the following spells:

 Spells                   Type           Power      Damage    Failure   Level
 Spider Form              Tmut/Pois      11%        N/A       36%         3
 Mephitic Cloud           Conj/Pois/Air  9%         N/A       45%         3
 Hailstorm                Conj/Ice       5%         3d4       67%         3
 Ice Form                 Ice/Tmut       5%         N/A       97%         4
 Simulacrum               Ice/Necr       2%         N/A       100%        6
 Necromutation            Tmut/Necr      2%         N/A       100%        8


Dungeon Overview and Level Annotations

Branches:
Dungeon (3/15)

Altars:

Shops:
D:2 (

Annotations:
D:3 Grinder


Innate Abilities, Weirdness & Mutations

You have very sharp teeth.
Your uncanny sense of smell can sniff out nearby items.
Your experience applies equally to all skills.


Message History

Unknown command.
It was a potion of curing.
You feel better.
Grinder says, "Don't move a muscle."
Grinder hits you but does no damage.
Casting: Sting (safe; 12% risk of failure)
Confirm with . or Enter, or press ? or * to list all spells.
Aiming: Sting (safe; 12% risk of failure)
Press: ? - help, Shift-Dir - straight line, f/p - Grinder
Aim: Grinder (moderately wounded, very poisoned, 68% to hit)
The sting hits Grinder but does no damage.
Grinder looks even sicker.
Grinder is moderately wounded.
Grinder hits you but does no damage.
Casting: Sting (safe; 12% risk of failure)
Confirm with . or Enter, or press ? or * to list all spells.
Aiming: Sting (safe; 12% risk of failure)
Press: ? - help, Shift-Dir - straight line, f/p - Grinder
Aim: Grinder (moderately wounded, very poisoned, 68% to hit)
The sting hits Grinder but does no damage.
Grinder looks as sick as possible!
Grinder is moderately wounded.
Grinder completely misses you.
You closely miss Grinder. Your bite misses Grinder.
Grinder is moderately wounded.
Grinder gestures at you. Pain shoots through your body!
* * * LOW HITPOINT WARNING * * *
You hit Grinder.
Grinder is heavily wounded.
Grinder gestures at you. You resist with significant effort.
You hit Grinder.
Grinder looks as sick as possible!
Grinder is heavily wounded.
Grinder completely misses you.
You hit Grinder.
Grinder is heavily wounded.
Grinder hits you.
* * * LOW HITPOINT WARNING * * *
You writhe in agony.
You die...

∆ .###.###.##....#####
#.###.##.#>......
#.....##.##..####
#.##..##.###....#
#######.##...#.######.#
.......................
#####..#..............
#.##..#########... ∆
#@#...# ###.
#.....5.#..## #..
###.$...#..# #..
....##.##..# #.. ### #.
#..# #.. #. ...# #.. ##
..## ### .#.


You could see Grinder (extremely poisoned).

Vanquished Creatures
  4 adders
  2 worms (D:2)
  A dart slug (D:3)
  An orc (D:2)
  5 ball pythons
  4 endoplasms
  2 giant cockroaches (D:2)
  5 hobgoblins
  5 kobolds
  2 quokkas
  6 bats
  6 frilled lizards
  7 goblins
  5 rats
55 creatures vanquished.

Vanquished Creatures (others)
  A plant (D:3)
1 creature vanquished.

Grand Total: 56 creatures vanquished

Notes
Turn   | Place    | Note
-------+----------+-------------------------------------------
     0 | D:1      | McGhostyFace the Gnoll Wanderer began the quest for the
                  | Orb.
     0 | D:1      | McGhostyFace set off with the following items: a +2 dagger,
                  | 2 curare-tipped darts, a +0 ring mail, a scroll of fear;
                  | and the following spell memorised: Sting; and the following
                  | spells available to memorise: Spider Form.
     0 | D:1      | Reached XP level 1. HP: 17/17 MP: 4/4
    80 | D:1      | Got the Omnibus of the Sepulchral Coward
   228 | D:1      | Reached XP level 2. HP: 23/23 MP: 2/5
  1115 | D:2      | Reached XP level 3. HP: 26/28 MP: 0/7
  1752 | D:2      | Reached skill level 1 in Short Blades
  1752 | D:2      | Reached skill level 1 in Long Blades
  1752 | D:2      | Reached skill level 1 in Axes
  1752 | D:2      | Reached skill level 1 in Maces & Flails
  1752 | D:2      | Reached skill level 1 in Polearms
  1752 | D:2      | Reached skill level 1 in Staves
  1752 | D:2      | Reached skill level 1 in Ranged Weapons
  1752 | D:2      | Reached skill level 1 in Dodging
  1752 | D:2      | Reached skill level 1 in Stealth
  1752 | D:2      | Reached skill level 1 in Shields
  1752 | D:2      | Reached skill level 1 in Unarmed Combat
  1752 | D:2      | Reached skill level 1 in Evocations
  1899 | D:2      | Reached XP level 4. HP: 34/34 MP: 6/8
  1933 | D:2      | Found Sigerada's Weapon Shoppe.
  2449 | D:3      | Noticed a +0 short sword
  2449 | D:3      | Noticed a +0 spear
  2450 | D:3      | Noticed a +0 spear
  2453 | D:3      | Noticed a +0 dagger
  2718 | D:3      | Found a faded altar of an unknown god.
  2765 | D:3      | Reached skill level 1 in Conjurations
  2765 | D:3      | Reached skill level 1 in Hexes
  2765 | D:3      | Reached skill level 1 in Summonings
  2765 | D:3      | Reached skill level 1 in Necromancy
  2765 | D:3      | Reached skill level 1 in Translocations
  2765 | D:3      | Reached skill level 1 in Transmutations
  2765 | D:3      | Reached skill level 1 in Fire Magic
  2765 | D:3      | Reached skill level 1 in Ice Magic
  2765 | D:3      | Reached skill level 1 in Air Magic
  2765 | D:3      | Reached skill level 1 in Earth Magic
  3022 | D:3      | Noticed Grinder
  3024 | D:3      | Paralysed by Grinder for 2 turns
  3036 | D:3      | Slain by Grinder

Illustrated notes

Levels and vault maps discovered:
D:1:      dpeg_arrival_snail, layout_loops_ring
D:2:      layout_basic, serial_shops, nicolae_shop_bloodbath_and_beyond,
          hangedman_decor_points, hangedman_decor_opposing, roderic_filled_cross
D:3:      layout_rooms, nicolae_uskayaw_en_pointe,
          shapermc_ecumenical_altar_petra, goddamned_bats, uniq_grinder

Skill      XL: |  1  2  3  4 |
---------------+-------------+-----
Short Blades   | 1 |  1.2
Long Blades    | 1 |  1.2
Axes           | 1 |  1.2
Maces & Flails | 1 |  1.2
Polearms       | 1 |  1.2
Staves         | 1 |  1.2
Ranged Weapons | 1 |  1.2
Dodging        | 1 |  1.2
Stealth        | 1 |  1.2
Shields        | 1 |  1.2
Unarmed Combat | 1 |  1.2
Evocations     | 1 |  1.2
Spellcasting   | 3 |  3.0
Conjurations   | 1 |  1.0
Hexes          | 1 |  1.0
Summonings     | 1 |  1.0
Necromancy     | 1 |  1.0
Translocations | 1 |  1.0
Transmutations | 1 |  1.0
Fire Magic     | 1 |  1.0
Ice Magic      | 1 |  1.0
Air Magic      | 1 |  1.0
Earth Magic    | 1 |  1.0
Fighting       | |  2.8
Throwing       | |  4.7
Armour         | |  4.7
Poison Magic   | |  5.5
Invocations    | |  2.9

Action                   |  1- 3 |  4- 6 || total
-------------------------+-------+-------++-------
Melee: Dagger            |    50 |    55 ||   105
       Bite              |     7 |     4 ||    11
       Punch             |     1 |     1 ||     2
Throw: Dart              |     2 |       ||     2
 Cast: Sting             |    48 |    14 ||    62
  Use: Potion            |       |     1 ||     1
 Stab: Sleeping          |       |     1 ||     1
Armor: Ring mail         |    30 |    20 ||    50
Dodge: Dodged            |    60 |    24 ||    84

Table legend: (Time is in decaauts)
 A = Elapsed time spent in this place.
 B = Non-inter-level travel time spent in this place.
 C = Inter-level travel time spent in this place.
 D = Time resting spent in this place.
 E = Time spent auto-exploring this place.
 F = Levels seen in this place.
 G = Mean time per level.
                   A        B        C        D        E       F      G
               +--------+--------+--------+--------+--------+-----+--------+
         Total |   3030 |   2957 |     73 |    598 |   1852 |   3 | 1010.0 |
       Dungeon |   3030 |   2957 |     73 |    598 |   1852 |   3 | 1010.0 |
               +--------+--------+--------+--------+--------+-----+--------+

Top non-repeatable levels by time:
     D:2: 1276 daAuts
     D:1: 1046 daAuts
     D:3: 708 daAuts
